cohdb
Replays
Latest Replays
All Replays
Popular Replays
Top Player Replays
Match Explorer
How It Works
Community
CoH3 Stats
Reddit
Sign in to upload your games and track your stats! →
Sign in with Steam
Match 45646181
Unlisted
Match 45646181
Overview
Messages
Build Orders
End
Vickers Machine Gun Team
Construct Section Command Post
ML 3-inch Mortar Team
Dingo Light Scout Car
Infantry Section
Infantry Section
Infantry Section
Construct Platoon Command Post
Construct Field Infirmary
Unlock M3 Stuart Light Tanks
M3 Stuart Light Tank
CMP 15cwt Truck
Unlock Bishop Self-propelled Artillery
6-pounder Anti-tank Gun Team
Infantry Training
AI Takeover
Sm0ky_Bac0n
ALPHA LEGION
影子
huaichen
mi prima de Cifuentes
爬树的肥猪
伊卡洛斯俺の嫁
ninanung
0
0
Comments
sign in to comment!
No comments posted yet!